AoeStats
← ({Y3aH})wassupmyhappy

Nomad

503355159Analyzed
4v4 RM · 1mo ago on Aug 31, 2026· 49m 53s· 8 players
Game mode
Random Map
Map size
231×231
Population
200
Speed
Normal
Resources
Standard
Victory
Conquest
Starting age
Dark Age
Ending age
Imperial Age
RankedLock teamsTeams togetherTeam positionsShared explorationLock speedFull tech treeHidden civsTurbo modeCheats
Victory
Defeat
🇺🇸 Goths · United States
1257
+15
🇨🇳 Persians · China
1253
+15
🇹🇼 Italians · Taiwan
1213
+17
🇨🇳 Spanish · China
1147
+20
🇦🇷 Magyars · Argentina
1312
-20
🇹🇼 Vikings · Taiwan
1291
-19
🇪🇸 Saracens · Spain
1170
-14
🇬🇧 Persians · United Kingdom
1133
-12
LuLALa
3:34 Loom
16:58 Feudal Age
21:49 Castle Age
19:44 Double-Bit Axe
22:06 Fletching
38:51 Imperial Age
36:58 Bodkin Arrow
38:14 Padded Archer Armor
40:38 Chemistry
39:58 Ballistics
40:34 Leather Archer Armor
Murdock
5:40 Loom
13:58 Feudal Age
18:41 Castle Age
17:17 Scale Mail Armor
17:53 Horse Collar
18:34 Double-Bit Axe
18:41 Gold Mining
20:12 Wheelbarrow
19:23 Town Watch
20:09 Forging
20:37 Bow Saw
27:17 Heavy Plow
29:26 Squires
29:22 Pikeman
33:50 Imperial Age
32:59 Chain Mail Armor
33:20 Iron Casting
32:37 Fletching
34:02 Stone Mining
34:55 Conscription
35:11 Perfusion
35:27 Masonry
35:41 Hand Cart
36:19 Halberdier
38:26 Blast Furnace
38:06 Bodkin Arrow
40:02 Stone Shaft Mining
39:30 Anarchy
39:57 Ballistics
39:15 Capped Ram
41:10 Chemistry
40:08 Murder Holes
41:35 Architecture
42:52 Heated Shot
44:03 Elite Huskarl
45:58 Town Patrol
46:30 Crop Rotation
47:07 Two-Man Saw
48:09 Bracer
48:09 Padded Archer Armor
48:15 Scale Barding Armor
859
3:33 Loom
14:32 Feudal Age
18:25 Castle Age
17:31 Double-Bit Axe
17:30 Horse Collar
18:40 Wheelbarrow
20:07 Bow Saw
20:21 Fishing Lines
22:55 Heavy Plow
24:13 Fletching
28:48 Bloodlines
28:39 Husbandry
28:49 Scale Barding Armor
34:32 Imperial Age
32:59 Chain Barding Armor
33:34 Forging
34:44 Hand Cart
34:16 Cavalier
35:57 Devotion
36:01 Savar
36:45 Gold Mining
37:39 Iron Casting
38:20 Conscription
38:38 Gold Shaft Mining
38:42 Conscription
39:34 Citadels
40:02 Hoardings
45:05 Crop Rotation
48:26 Plate Barding Armor
48:52 Blast Furnace
50:56 Two-Man Saw
49:59 Stone Mining
林海
5:08 Loom
13:33 Feudal Age
17:25 Castle Age
15:33 Double-Bit Axe
15:44 Fishing Lines
16:25 Stone Mining
18:29 Bow Saw
18:47 Gillnets
20:08 Wheelbarrow
20:23 Gold Mining
21:12 Town Watch
21:23 Fletching
22:03 Medium Warships
24:12 Bodkin Arrow
24:42 Ballistics
25:52 Padded Archer Armor
28:44 Husbandry
29:34 Leather Archer Armor
30:36 Bloodlines
32:11 Stone Shaft Mining
36:46 Imperial Age
38:31 Two-Man Saw
38:07 Ring Archer Armor
38:30 Elite Conquistador
({Y3aH})wassupmyhappy
13:29 Feudal Age
13:48 Double-Bit Axe
19:26 Castle Age
17:54 Gold Mining
19:40 Forging
19:36 Scale Barding Armor
19:43 Bloodlines
20:25 Bow Saw
20:41 Horse Collar
24:30 Fishing Lines
27:17 Heavy Plow
27:06 Loom
28:30 Wheelbarrow
29:21 Stone Mining
33:51 Imperial Age
34:25 Hand Cart
36:07 Fletching
36:48 Bodkin Arrow
ASMODEUS7743
16:46 Loom
18:39 Feudal Age
20:28 Double-Bit Axe
23:56 Castle Age
22:46 Wheelbarrow
23:41 Gold Mining
25:20 Bow Saw
29:17 Fishing Lines
31:07 Gillnets
31:03 Horse Collar
31:18 Stone Mining
31:35 Town Watch
32:36 Hand Cart
32:21 Town Patrol
32:37 Town Patrol
33:36 Gold Shaft Mining
34:02 Forging
33:53 Scale Mail Armor
33:59 Scale Barding Armor
34:31 Treadmill Crane
35:51 Iron Casting
38:08 Imperial Age
35:58 Husbandry
37:16 Chain Barding Armor
37:12 Bloodlines
38:50 Elite Mameluke
39:52 Conscription
41:25 Blast Furnace
41:01 Plate Barding Armor
42:45 Bimaristan
44:41 Hoardings
45:39 Counterweights
qeoz7fukeg6
4:02 Loom
15:45 Feudal Age
21:12 Castle Age
19:17 Double-Bit Axe
19:31 Horse Collar
19:43 Stone Mining
22:03 Fletching
22:15 Padded Archer Armor
26:30 Bloodlines
26:20 Husbandry
30:39 Elite Skirmisher
31:25 Thumb Ring
36:18 Imperial Age
34:48 Wheelbarrow
35:39 Leather Archer Armor
35:31 Scale Barding Armor
36:01 Corvinian Army
36:47 Bodkin Arrow
37:34 Conscription
37:36 Chain Barding Armor
37:28 Gold Mining
40:05 Ring Archer Armor
41:46 Parthian Tactics
42:01 Recurve Bow
43:42 Plate Barding Armor
43:09 Scale Mail Armor
44:46 Elite Magyar Huszar
超可愛小海豹
5:45 Loom
13:08 Feudal Age
14:00 Double-Bit Axe
17:26 Fishing Lines
22:04 Castle Age
20:32 Gold Mining
21:39 Fletching
22:38 Gillnets
23:59 Bow Saw
24:14 Town Watch
24:25 Stone Mining
26:06 Gold Shaft Mining
26:19 Crossbowman
26:22 Elite Skirmisher
31:47 Imperial Age
29:36 Padded Archer Armor
29:31 Bodkin Arrow
33:05 Bracer
33:28 Ballistics
34:57 Two-Man Saw
35:06 Leather Archer Armor
35:55 Chemistry
35:45 Conscription
37:31 Murder Holes
38:41 Man-at-Arms
39:41 Forging
39:21 Gambesons
39:36 Squires
39:21 Arson
39:33 Long Swordsman
40:08 Horse Collar
40:51 Fortified Wall
40:15 Pikeman
41:11 Chieftains
40:34 Two-Handed Swordsman
42:02 Heavy Plow
42:31 Scale Mail Armor
Connection lost

Rejoining the realm…

Still unreachable

The connection could not be restored.

Session expired

The server has moved on; the page needs a fresh start.